 Dungeon Crawl Stone Soup version 0.30.1-3-gfc49f6343a (webtiles) character file.

Game seed: 1503899400790815520

58198 zzuzz the Peltast (level 15, -13/94 (125) HPs)
             Began as a Formicid Fighter on Aug 2, 2023.
             Was a High Priest of Makhleb.
             Killed from afar by a shadow dragon (shapeshifter) (54 damage)
             ... with a bolt of negative energy
             ... on level 13 of the Dungeon.
             The game lasted 00:37:49 (28583 turns).

zzuzz the Peltast (Formicid Fighter)               Turns: 28583, Time: 00:37:49

HP:   -13/94 (125)  AC: 41    Str: 27    XL:     15   Next: 29%
MP:   15/15         EV:  5    Int: 12    God:    Makhleb [*****.]
Gold: 363           SH: 19    Dex: 13    Spells: 14/14 levels left

rFire   . . .        y - +5 battleaxe (elec)
rCold   . . .        C - +1 kite shield
rNeg    . . .        c - +8 orange crystal plate armour {Archmagi, Int+3 Clar}
rPois   +            (helmet unavailable)
rElec   .            b - +2 cloak {rPois}
rCorr   .            q - +0 pair of gloves
SInv    +            f - +2 pair of boots
Will    +....        i - amulet of reflection Stlth
                     E - ring of poison resistance
HPRegen 0.35/turn    I - ring of protection from cold
MPRegen 0.14/turn

%: reflection, clarity, archmagi
@: studying Stealth, heavily drained
A: permanent stasis, dig shafts and tunnels, antennae 3, four strong arms,
iridescent scales 1, low MP 1, cold vulnerability 1
a: Dig, Shaft Self, Renounce Religion, Minor Destruction, Lesser Servant of
Makhleb, Major Destruction, Greater Servant of Makhleb


You were on level 13 of the Dungeon.
You worshipped Makhleb.
Makhleb was extremely pleased with you.
You visited 3 branches of the dungeon, and saw 19 of its levels.

You collected 1354 gold pieces.
You spent 991 gold pieces at shops.

Inventory:

Hand Weapons
 a - a +0 war axe
 j - the +12 pair of quick blades "Gyre" and "Gimble" {protect}
   (You found it on level 9 of the Dungeon)
 y - a +5 battleaxe of electrocution (weapon)
 H - the +5 flail "Anaech" {elec, rElec}
   (You found it on level 4 of the Dungeon)

   rElec:     It insulates you from electricity.
Missiles
 L - 2 throwing nets
Armour
 b - a +2 cloak of poison resistance (worn)
 c - the +8 orange crystal plate armour (worn) {Archmagi, Int+3 Clar}
   (You acquired it on level 12 of the Dungeon)

   Int:       It affects your intelligence (+3).
   Clar:      It protects you from confusion, rage, mesmerisation and fear.
 f - a +2 pair of boots (worn)
 q - a +0 pair of gloves (worn)
 C - a +1 kite shield (worn)
Jewellery
 h - a ring of flight
 i - an amulet of reflection (around neck)
 k - a ring of magical power
 A - an amulet of faith
 E - a ring of poison resistance (left hand)
 I - a ring of protection from cold (right hand)
 M - an amulet of guardian spirit
Wands
 d - a wand of polymorph (8)
 t - a wand of digging (6)
 u - a wand of iceblast (4)
 w - a wand of light (15)
 J - a wand of charming (10)
Scrolls
 e - a scroll of brand weapon
 l - 3 scrolls of fear
 m - a scroll of poison {unknown}
 n - 4 scrolls of amnesia
 p - a scroll of fog
 s - 3 scrolls of torment
 v - a scroll of identify
 z - a scroll of magic mapping
Potions
 g - a potion of ambrosia {unknown}
 o - a potion of berserk rage
 r - a potion of magic
 x - 4 potions of flight
 B - 3 potions of cancellation
 D - 2 potions of curing
 F - 2 potions of brilliance
 K - 3 potions of attraction


   Skills:
 * Level 13.7 Fighting
 * Level 1.5 Short Blades
 - Level 12.3 Axes
 * Level 13.7 Armour
 - Level 16.0 Shields
 * Level 3.0 Invocations
 * Level 9.7 Evocations


You had 14 spell levels left.
You didn't know any spells.
Your spell library contained the following spells:

 Spells                   Type           Power      Damage    Failure   Level
 Apportation              Tloc           0%         N/A       100%        1
 Freeze                   Ice            0%         1d3       100%        1
 Magic Dart               Conj           0%         1d3       100%        1
 Necrotise                Necr           0%         1d4       100%        1
 Sandblast                Erth           0%         2d4       100%        1
 Shock                    Conj/Air       0%         1d3       100%        1
 Sting                    Tmut/Pois      0%         1d3       100%        1
 Summon Small Mammal      Summ           0%         N/A       100%        1
 Call Imp                 Summ           0%         N/A       100%        2
 Passwall                 Tmut/Erth      0%         N/A       100%        2
 Scorch                   Fire           0%         2d5       100%        2
 Call Canine Familiar     Summ           0%         N/A       100%        3
 Dazzling Flash           Conj/Hex       0%         N/A       100%        3
 Frozen Ramparts          Ice            0%         1d1       100%        3
 Hailstorm                Conj/Ice       0%         3d3       100%        3
 Mephitic Cloud           Conj/Pois/Air  0%         N/A       100%        3
 Ozocubu's Armour         Ice            0%         N/A       100%        3
 Portal Projectile        Hex/Tloc       0%         N/A       100%        3
 Stone Arrow              Conj/Erth      0%         3d7       100%        3
 Volatile Blastmotes      Fire/Tloc      0%         2d10      100%        3
 Flame Wave               Conj/Fire      0%         2d4       100%        4
 Iskenderun's Mystic Bla  Conj/Tloc      0%         2d3       100%        4
 Leda's Liquefaction      Hex/Erth       0%         N/A       100%        4
 Alistair's Intoxication  Tmut/Pois      0%         N/A       100%        5
 Arcjolt                  Conj/Air       0%         1d10      100%        5
 Borgnjor's Vile Clutch   Necr/Erth      0%         N/A       100%        5
 Metabolic Englaciation   Hex/Ice        0%         N/A       100%        5
 Silence                  Hex/Air        0%         N/A       100%        5
 Death Channel            Necr           0%         N/A       100%        6
 Eringya's Noxious Bog    Tmut/Pois      0%         N/A       100%        6
 Plasma Beam              Fire/Air       0%         2x1d11    100%        6
 Simulacrum               Ice/Necr       0%         N/A       100%        6
 Starburst                Conj/Fire      0%         6d3       100%        6
 Summon Cactus Giant      Summ           0%         N/A       100%        6
 Haunt                    Necr/Summ      0%         N/A       100%        7
 Vhi's Electric Charge    Tloc/Air       Unusable   N/A       N/A         3

Dungeon Overview and Level Annotations

Branches:
Dungeon (13/15)            Temple (1/1) D:4            Lair (5/5) D:11
  Swamp (0/4) Lair:2        Snake (0/4) Lair:2        Slime (0/5) Lair:5
    Orc (0/2) D:9          Vaults (0/5) D:13

Altars:
Ashenzari
Cheibriados
Dithmenos
Elyvilon
Fedhas
Gozag
Hepliaklqana
Kikubaaqudgha
Makhleb
Nemelex Xobeh
Okawaru
Qazlal
Ru
Sif Muna
Trog
Uskayaw
Vehumet
Wu Jian
Xom
Yredelemnul
Zin
The Shining One
Jiyva

Shops:
D:3 (   D:4 *   D:5 [(


Innate Abilities, Weirdness & Mutations

You cannot be hasted, slowed, berserked, paralysed or teleported.
You can dig through walls and to a lower floor.
You have a pair of large antennae on your head. (SInv)
Your four strong arms can wield two-handed weapons with a shield.
You are partially covered in iridescent scales. (AC +2)
Your magical capacity is low. (-10% MP)
You are vulnerable to cold. (rC-)


Message History

You hit the shadow dragon but do no damage.
The shadow dragon is almost dead.
The shadow dragon breathes negative energy at you.
The bolt of negative energy hits you!
You feel drained.
You barely miss the shadow dragon.
The shadow dragon is almost dead.
The shadow dragon barely misses you. The shadow dragon claws you.
The shadow dragon claws you but does no damage.
Unknown command.
You hit the shadow dragon but do no damage.
The shadow dragon is almost dead.
The shadow dragon bites you.
* * * LOW HITPOINT WARNING * * *
You feel drained.
* * * LOW HITPOINT WARNING * * *
You block the shadow dragon's attack.
The shadow dragon claws you but does no damage.
You barely miss the shadow dragon.
The shadow dragon is severely wounded.
The shadow dragon breathes negative energy at you.
The bolt of negative energy misses you.
The shadow dragon bites you but does no damage.
You block the shadow dragon's attack.
The shadow dragon claws you but does no damage.
You hit the shadow dragon.
The shadow dragon is severely wounded.
The shadow dragon breathes negative energy at you.
The bolt of negative energy hits you!
You feel drained.
* * * LOW HITPOINT WARNING * * *
Unknown command.
You feel better.
You block the shadow dragon's attack. x2
The shadow dragon claws you but does no damage.
You feel better.
The shadow dragon bites you but does no damage.
The shadow dragon claws you but does no damage. x2
You feel better.
The shadow dragon breathes negative energy at you.
The bolt of negative energy hits you!!!
You feel drained.
Ouch! That really hurt!
You die...

########..######,,*******,*
#...............,,,,,,,,,,******
#...............,,,,,,.,,,,,,,,,
#........############...,,,,,,,,
#######..# ##..........,,,,,,,,
#........####...........,,,,,,,,
#..............[........,,,,,,,,
#...............D......>,,,*****
#.#######...###@#...#*****,*****
#...........##|#....####**,,,,,,
#.......................,,<,,,,,
#.#########..#.######...,,,,,,,,
#.#########.#### *,,***######
#...........####*** **** #.....
#.................*########.....
#.............####*#.....##.....
#.............# #.....##.....


You could see a shadow dragon (catching breath).

Vanquished Creatures
  Rupert (D:12)
  Jorgrun (D:13)
  Gastronok (Lair:1)
  Snorg (D:11)
  5 hydras
  Erolcha (D:9)
  6 two-headed ogres
  3 boulder beetles
  3 death yaks (Lair:5)
  3 centaur warriors (D:13)
  2 skysharks (Lair:1)
  Amaemon (Lair:1)
  Pikel (D:6)
  A deep elf pyromancer (D:12)
  2 ugly things
  A manticore (D:12)
  Maurice (D:13)
  6 black mambas
  Joseph (Lair:1)
  A gargoyle (D:12)
  An orange demon (Lair:1)
  A torpor snail (Lair:3)
  Maggie (D:7)
  10 cane toads
  A rime drake (Lair:5)
  2 kobold demonologists
  2 ice devils (D:13)
  9 komodo dragons
  A burning bush (Lair:2)
  An efreet (D:13)
  4 trolls
  A queen bee (shapeshifter) (D:13)
  A tyrant leech (Lair:2)
  9 polar bears
  5 hornets (Lair:5)
  2 dream sheep (Lair:5)
  A slime creature (shapeshifter) (D:13)
  9 blink frogs
  7 slime creatures (D:13)
  4 shadows (D:11)
  Sigmund (D:6)
  28 yaks
  17 spriggans
  4 wyverns
  2 vampires
  3 wraiths
  5 steam dragons
  4 basilisks
  4 vampire mosquitoes (D:11)
  2 swamp worms (Lair:2)
  Edmund (D:4)
  An acid dragon (D:11)
  3 nagas (Lair:2)
  10 water moccasins
  5 orc warriors (D:9)
  2 sky beasts
  7 black bears
  An ice beast (D:5)
  An ogre (D:6)
  3 boggarts (Lair:5)
  25 wolves
  14 centaurs
  4 lemures (D:6)
  A phantom (D:5)
  A kobold brigand (D:8)
  2 gnoll sergeants
  10 bullfrogs
  5 wights (D:7)
  14 killer bees
  4 howler monkeys
  A gnoll bouda (D:4)
  3 hounds
  5 orc priests
  Jessica (D:2)
  4 hell rats (Lair:4)
  2 iguanas
  9 orc wizards
  A sleepcap (D:7)
  10 adders
  16 gnolls
  2 worms
  4 dart slugs
  38 orcs
  10 endoplasms
  5 giant cockroaches
  8 goblins
  6 hobgoblins
  2 jackals
  5 quokkas
  9 ball pythons
  7 bats
  2 frilled lizards
  13 kobolds
  14 rats
475 creatures vanquished.

Notes
Turn   | Place    | Note
-------+----------+-------------------------------------------
     0 | D:1      | zzuzz the Formicid Fighter began the quest for the Orb.
     0 | D:1      | Reached XP level 1. HP: 18/18 MP: 1/1
    38 | D:1      | Reached XP level 2. HP: 24/24 MP: 2/2
   103 | D:1      | Found a faded altar of an unknown god.
   123 | D:1      | Got Plato's Handbook of Configuration
   278 | D:1      | Reached XP level 3. HP: 28/29 MP: 3/3
   982 | D:2      | Reached XP level 4. HP: 37/37 MP: 4/4
   998 | D:2      | Found a broken altar of Ashenzari.
  1022 | D:2      | HP: 1/37 [gnoll/+0 spear (3)]
  1374 | D:2      | Noticed Jessica
  1381 | D:2      | Killed Jessica
  1382 | D:2      | Reached XP level 5. HP: 39/42 MP: 5/5
  1383 | D:2      | Reached skill level 5 in Shields
  2381 | D:3      | Found a blossoming altar of Fedhas.
  2532 | D:3      | Found a white marble altar of Elyvilon.
  2547 | D:3      | Reached XP level 6. HP: 30/49 MP: 6/6
  2800 | D:3      | Found Aceic's Weapon Shop.
  3195 | D:4      | Found Ebudiara's Assorted Antiques.
  3205 | D:4      | Noticed Edmund
  3226 | D:4      | Killed Edmund
  3732 | D:4      | Reached XP level 7. HP: 55/55 MP: 7/7
  3855 | D:4      | Found a staircase to the Ecumenical Temple.
  3899 | D:4      | Identified the +5 flail "Anaech" {elec, rElec}
  3926 | Temple   | Entered the Ecumenical Temple
  4046 | Temple   | Became a worshipper of Makhleb the Destroyer
  4125 | D:4      | Reached skill level 5 in Fighting
  4132 | D:4      | Reached skill level 5 in Armour
  4132 | D:4      | Reached skill level 6 in Shields
  4641 | D:5      | Entered Level 5 of the Dungeon
  4668 | D:5      | Gained mutation: You are vulnerable to cold. (rC-) [potion
                  | of mutation]
  4668 | D:5      | Gained mutation: Your magical capacity is low. (-10% MP)
                  | [potion of mutation]
  4668 | D:5      | Gained mutation: You are partially covered in iridescent
                  | scales. (AC +2) [potion of mutation]
  4872 | D:5      | Reached XP level 8. HP: 58/63 MP: 7/7
  4947 | D:5      | Found Kuixusuyfi's Antique Weapon Emporium.
  4986 | D:5      | Reached skill level 7 in Shields
  5116 | D:5      | Bought a runed battleaxe for 199 gold pieces
  5235 | D:5      | Found Qieserel's Armour Shop.
  5241 | D:5      | Bought a +0 kite shield for 63 gold pieces
  5671 | D:6      | Reached * piety under Makhleb
  5672 | D:6      | Reached skill level 5 in Axes
  5736 | D:6      | Found a glowing silver altar of Zin.
  5856 | D:6      | Noticed Sigmund
  5864 | D:6      | Killed Sigmund
  6080 | D:6      | Found a shimmering blue altar of Sif Muna.
  6110 | D:6      | Reached skill level 8 in Shields
  6110 | D:6      | Reached XP level 9. HP: 38/71 MP: 8/8
  6530 | D:7      | Noticed Pikel
  6555 | D:6      | Killed Pikel
  6888 | D:7      | Found a sacrificial altar of Ru.
  6905 | D:7      | Found an opulent altar of Gozag.
  6913 | D:7      | Found an opulent altar of Gozag.
  6913 | D:7      | Found an opulent altar of Gozag.
  7006 | D:7      | Noticed Maggie
  7028 | D:7      | Killed Maggie
  7029 | D:7      | Reached skill level 9 in Shields
  7041 | D:7      | Reached XP level 10. HP: 53/80 MP: 9/9
  7450 | D:7      | Found an opulent altar of Gozag.
  7779 | D:8      | Found a glowing golden altar of the Shining One.
  7831 | D:8      | Reached skill level 10 in Shields
  8096 | D:8      | Found a shimmering altar of Xom.
  9000 | D:9      | Noticed a two-headed ogre
  9000 | D:9      | Noticed a two-headed ogre
  9012 | D:9      | Killed a two-headed ogre
  9019 | D:9      | Killed a two-headed ogre
  9197 | D:9      | Found the +12 pair of quick blades "Gyre" and "Gimble"
                  | {protect}
  9306 | D:9      | Reached ** piety under Makhleb
  9385 | D:9      | Reached XP level 11. HP: 89/89 MP: 9/9
  9618 | D:9      | Reached skill level 11 in Shields
 10117 | D:9      | Noticed Erolcha
 10122 | D:9      | Killed Erolcha
 10504 | D:9      | Found a staircase to the Orcish Mines.
 10545 | D:10     | Entered Level 10 of the Dungeon
 10545 | D:10     | Noticed a two-headed ogre
 10553 | D:10     | Killed a two-headed ogre
 10757 | D:10     | Got Fushi's Tractate on the Macabre Tempest
 10953 | D:10     | Found a hide-covered altar of Uskayaw.
 10984 | D:10     | Found an ornate altar of the Wu Jian Council.
 11059 | D:10     | Reached skill level 10 in Fighting
 11059 | D:10     | Reached skill level 10 in Armour
 11601 | D:10     | Identified a scroll of acquirement
 11602 | D:10     | Acquired a +2 cloak of poison resistance
 11780 | D:11     | Noticed Snorg
 11784 | D:11     | Noticed a two-headed ogre
 11790 | D:11     | Killed a two-headed ogre
 11791 | D:11     | Reached skill level 1 in Evocations
 11792 | D:11     | Killed Snorg
 11793 | D:11     | Reached skill level 12 in Shields
 12200 | D:11     | Reached *** piety under Makhleb
 12434 | D:11     | Noticed a two-headed ogre
 12442 | D:11     | Killed a two-headed ogre
 12446 | D:11     | Reached XP level 12. HP: 77/98 MP: 10/10
 13755 | D:11     | You are sucked into a shaft and drop 2 floors!
 13758 | D:13     | Noticed Rupert
 14428 | D:11     | Found a staircase to the Lair.
 14506 | Lair:1   | Entered Level 1 of the Lair of Beasts
 14617 | Lair:1   | Noticed Amaemon
 14621 | Lair:1   | Noticed Joseph
 14647 | Lair:1   | Killed Amaemon
 14648 | Lair:1   | Reached skill level 13 in Shields
 14651 | Lair:1   | Reached skill level 10 in Axes
 14659 | Lair:1   | Killed Joseph
 15092 | Lair:1   | Noticed Gastronok
 15110 | Lair:1   | Killed Gastronok
 15111 | Lair:1   | Reached skill level 5 in Evocations
 15660 | Lair:1   | Reached **** piety under Makhleb
 16097 | Lair:2   | Noticed a boulder beetle
 16097 | Lair:2   | Noticed a skyshark
 16106 | Lair:1   | Killed a skyshark
 16107 | Lair:1   | Reached XP level 13. HP: 100/106 MP: 11/11
 17259 | Lair:2   | Reached skill level 14 in Shields
 17540 | Lair:2   | Found a staircase to the Snake Pit.
 18299 | Lair:2   | Noticed a four-headed hydra
 18300 | Lair:2   | Noticed a six-headed hydra
 18311 | Lair:2   | You are sucked into a shaft and drop 2 floors!
 19046 | Lair:2   | Killed an eight-headed hydra
 19267 | Lair:2   | Killed an eight-headed hydra
 19524 | Lair:2   | Found a staircase to the Swamp.
 19738 | Lair:3   | Noticed a four-headed hydra
 19750 | Lair:3   | Killed a seven-headed hydra
 20673 | Lair:4   | You are sucked into a shaft and drop 1 floor!
 20673 | Lair:5   | Entered Level 5 of the Lair of Beasts
 20714 | Lair:5   | Reached ***** piety under Makhleb
 20715 | Lair:5   | Reached XP level 14. HP: 116/116 MP: 12/12
 21730 | Lair:5   | Found a staircase to the Slime Pits.
 21730 | Lair:5   | Found a viscous altar of Jiyva.
 21834 | Lair:5   | Reached skill level 15 in Shields
 22624 | Lair:5   | Identified the +0 robe of the Pink Corner {-Cast rElec
                  | rPois}
 24350 | D:12     | Identified the +7 quarterstaff "Usayxt" {vamp, +Blink}
 24826 | D:5      | Bought the +4 plate armour "Tefippac" {Fly} for 729 gold
                  | pieces
 25294 | D:12     | Killed Rupert
 25295 | D:12     | Reached skill level 1 in Invocations
 25295 | D:12     | Reached XP level 15. HP: 42/124 MP: 12/14
 25637 | D:12     | Acquired the +8 orange crystal plate armour {Archmagi,
                  | Int+3 Clar}
 25637 | D:12     | Found the +8 orange crystal plate armour {Archmagi, Int+3
                  | Clar}
 25968 | D:13     | Noticed a sphinx
 25969 | D:13     | a sphinx changed into a quicksilver dragon
 25969 | D:13     | Noticed a quicksilver dragon (shapeshifter)
 26128 | D:13     | Noticed Maurice
 26130 | D:13     | Noticed Jorgrun
 28057 | D:13     | Found a gate to the Vaults.
 28061 | D:13     | Killed Maurice
 28309 | D:13     | Reached skill level 16 in Shields
 28311 | D:13     | Reached skill level 1 in Short Blades
 28380 | D:13     | Killed Jorgrun
 28562 | D:13     | Noticed a shadow dragon
 28583 | D:13     | Killed from afar by a shadow dragon (shapeshifter)

Illustrated notes

Levels and vault maps discovered:
D:1:      psy_arrival_basics, layout_basic, shapermc_ecumenical_altar_rom_forum
D:2:      layout_basic, basic_altar, minmay_quadrilaterals, uniq_jessica
D:3:      layout_basic, fedhas_ov_isle_minmay, nicolae_elyvilon_peaceful_grove,
          serial_shops, nicolae_shop_just_a_little_nook, minmay_vboxes
D:4:      layout_basic, minmay_temple_entry_purple_smoke, serial_curves,
          eino_curves_02, eino_curves_03, eino_curves_01, nicolae_stop_n_shop_2,
          uniq_edmund
D:5:      layout_loops_ring, serial_shops, shop, shop_fountains
D:6:      layout_rooms, mainiacjoe_overflow_six_doors_small,
          nicolae_sif_muna_little_library, uniq_sigmund
D:7:      layout_rooms, nicolae_gozag_conspicuous_consumption,
          mainiacjoe_overflow_alcove_1, uniq_maggie, uniq_pikel
D:8:      layout_rooms, brannock_xom_greatest_gift, lemuel_tele_altar
D:9:      layout_loops_cross, david_orc_4,
          hellmonk_guarded_unrand_gyre_and_gimble, uniq_erolcha
D:10:     layout_cave_pods, mainiacjoe_overflow_two_lobes
D:11:     layout_long_grid, erik_lair_dragon, uniq_snorg
D:12:     layout_long_grid, solitary_fountain
D:13:     layout_long_grid, david_vaults_2, portal_ice_cave_demonic_guard,
          argonaut_gorgonesque, uniq_jorgrun, uniq_maurice, uniq_rupert
Temple:   nicolae_temple_godzebo
Lair:1:   layout_roguey, serial_forest, infiniplex_forest_clump_cross,
          infiniplex_forest_lined_3, infiniplex_forest_lined_room_2,
          infiniplex_forest_straight_2, cheibrodos_lair_lostbears, uniq_joseph,
          uniq_gastronok, uniq_amaemon
Lair:2:   layout_hall_layers, palyth_hydra_swamp_entry,
          minmay_snake_entry_guardpost_medium, evilmike_ambush
          [evilmike_ambush_outer_basic, evilmike_ambush_inner_basic],
          grunt_megastairs_5, infiniplex_staircase_pool, serial_bayou_shore_b
Lair:3:   layout_cave_pods
Lair:4:   layout_cave_pods
Lair:5:   minmay_lair_end_enchanted_forest, layout_concentric_octagons,
          slime_entry_1

Skill      XL: |  1  2  3  4  5  6  7  8  9 10 11 12 13 14 15 |
---------------+----------------------------------------------+-----
Fighting       | 4 5 6 7 9 10 11 12 13 | 13.7
Armour         | 4 5 6 7 9 10 11 12 13 | 13.7
Axes           | 3 4 5 6 8 9 10 11 12 | 12.3
Shields        | 5 6 8 9 10 12 13 14 15 16 | 16.0
Evocations     | 2 5 7 9 |  9.7
Invocations    | 1 3 |  3.0
Short Blades   | 1 |  1.5

Action                     |  1- 3 |  4- 6 |  7- 9 | 10-12 | 13-15 || total
---------------------------+-------+-------+-------+-------+-------++-------
  Melee: War axe           |   101 |   164 |   132 |       |       ||   397
         Battleaxe         |       |       |    95 |   459 |   759 ||  1313
Ability: Dig               |     4 |       |     2 |       |     2 ||     8
         Shaft Self        |       |       |       |       |     1 ||     1
  Evoke: Wand              |       |       |       |     2 |    29 ||    31
    Use: Scroll            |       |     4 |     8 |     7 |    14 ||    33
         Potion            |       |     2 |     7 |     2 |    12 ||    23
   Stab: Invisible         |       |       |       |     1 |       ||     1
 Armour: Scale mail        |    39 |    16 |       |       |       ||    55
         Plate armour      |       |    45 |       |       |     6 ||    51
         Chain mail        |       |     9 |   115 |   285 |   394 ||   803
         Skin              |       |       |    21 |       |       ||    21
         Crystal plate arm |       |       |       |       |    88 ||    88
  Dodge: Dodged            |    44 |    45 |    68 |   159 |   228 ||   544
  Block: Buckler           |    47 |   106 |    93 |       |       ||   246
         Reflection        |       |     2 |     3 |    14 |    41 ||    60
         Kite shield       |       |       |    94 |   492 |   891 ||  1477
